Map: Yellowjacket

Players

Ekelpack - Winner!

  • Race: Zerg Zerg
  • Spawn Location: 1:00

Nyck - Winner!

  • Race: Terran Terran
  • Spawn Location: 3:00

appp

  • Race: Terran Terran
  • Spawn Location: 7:00

voldi

  • Race: Protoss Protoss
  • Spawn Location: 9:00

VOD

Have the link to the VOD?

Description

Time

  • Played on: April 8, 2025, 2:29 p.m.
  • Length: 12:52
Show
View Real Time Build Order
Export as new Build Order

Ekelpack Zerg - Winner!

Build Orders: Hatch First 

Get SALT Encoding   

  12  0:00  Drone  
  13  0:13  Overlord  
  13  0:16  Drone  
  14  0:31  Drone x2  
  14  0:34  Drone  
  17  0:52  Hatchery  
  17  0:55  Drone, Extractor  
  16  1:09  Spawning Pool  
  15  1:13  Drone  
  15  1:16  Drone  
  17  1:20  Drone  
  18  1:30  Drone  
  19  1:39  Drone  
  20  1:57  Queen  
  22  2:03  Queen  
  22  2:04  Drone  
  22  2:06  Drone  
  26  2:11  Overlord  
  26  2:16  Metabolic Boost  
  26  2:19  Drone  
  26  2:22  Drone  
  28  2:33  Lair  
  28  2:37  Extractor  
  28  2:38  Drone x2  
  28  2:39  Drone  
  30  2:58  Drone x3  
  33  3:00  Overlord, Extractor  
  33  3:01  Overlord  
  32  3:17  Zergling x2  
  32  3:18  Zergling x6  
  36  3:20  Zergling x2  
  36  3:21  Zergling x6  
  40  3:32  Spire  
  40  3:34  Drone  
  40  3:39  Drone  
  41  3:42  Extractor  
  41  3:45  Drone  
  41  3:48  Drone x2  
  41  3:49  Drone  
  41  3:54  Drone x3  
  47  4:12  Drone x2  
  49  4:20  Overlord x2  
  49  4:38  Overlord  
  47  4:52  Mutalisk  
  47  4:53  Mutalisk x8  
  65  5:11  Overlord x2  
  65  5:19  Infestation Pit  
  64  5:21  Hatchery  
  64  5:27  Drone x2  
  64  5:28  Drone  
  66  5:29  Overlord  
  66  5:35  Evolution Chamber  
  59  6:15  Mutalisk x7  
  59  6:16  Mutalisk x2  
  77  6:23  Queen  
  79  6:33  Queen  
  79  6:35  Drone x6  
  87  6:43  Hive  
  87  6:59  Zerg Melee Weapons Level 1  
  87  7:05  Drone x9  
  96  7:21  Drone x8  
  104  7:25  Extractor x2  
  104  7:27  Overlord  
  102  7:46  Overlord x2  
  102  8:04  Overlord x2, Evolution Chamber  
  101  8:05  Ultralisk Cavern  
  101  8:06  Adrenal Glands  
  101  8:07  Zergling x12  
  101  8:08  Zergling x6  
  91  8:55  Zerg Melee Weapons Level 2  
  91  8:56  Zerg Ground Armor Level 1  
  91  8:57  Chitinous Plating  
  91  8:59  Zergling x14  
  91  9:00  Zergling x8  
  86  9:52  Ultralisk x8  
  134  9:53  Overlord x3  
  134  10:00  Zergling x8, Overlord  
  134  10:01  Overlord x2  
  134  10:02  Zergling x2  
  139  10:15  Anabolic Synthesis  
  139  10:19  Hatchery  
  138  10:22  Ultralisk  
  138  10:23  Ultralisk  
  150  11:10  Ultralisk x5  
  150  11:11  Zergling x12  
  181  11:12  Zergling x8  
  187  11:39  Extractor, Ultralisk x2  
  189  11:40  Zergling x4  
  189  11:41  Zergling x6  
  189  11:42  Extractor  
  187  11:50  Drone x9  
  184  12:34  Zergling x12  
  184  12:35  Zergling x2  
Show
View Real Time Build Order
Export as new Build Order

Nyck Terran - Winner!

Build Orders:  

Get SALT Encoding   

  12  0:00  SCV  
  13  0:12  SCV  
  14  0:18  Supply Depot  
  14  0:24  SCV  
  15  0:40  SCV  
  15  0:42  Barracks  
  16  0:50  Refinery  
  16  0:53  Refinery  
  16  0:54  SCV  
  17  1:06  SCV  
  18  1:19  SCV  
  19  1:29  Reaper  
  19  1:32  Supply Depot, Orbital Command  
  20  1:43  Barracks  
  20  1:55  Factory  
  20  1:57  SCV  
  21  2:08  Barracks Tech Lab  
  21  2:10  SCV  
  22  2:22  SCV  
  23  2:27  Marine  
  24  2:35  SCV  
  25  2:48  Command Center  
  25  2:51  SCV  
  25  2:54  Barracks Reactor  
  25  2:57  Barracks  
  26  3:06  SCV  
  26  3:10  Engineering Bay  
  27  3:22  SCV  
  28  3:29  Hellion  
  29  3:48  Starport  
  29  3:51  Barracks Reactor  
  29  3:52  Combat Shield  
  29  3:53  Factory Reactor  
  29  3:57  Supply Depot  
  29  3:59  SCV  
  29  4:00  Orbital Command  
  30  4:10  Marauder  
  30  4:15  Terran Infantry Weapons Level 1  
  32  4:17  Engineering Bay  
  32  4:23  Armory  
  32  4:31  SCV x2  
  33  4:36  Refinery  
  34  4:38  Refinery  
  34  4:43  SCV x2, Terran Infantry Armor Level 1  
  36  4:53  Marine x4  
  40  5:04  SCV x2  
  42  5:16  SCV x2  
  44  5:28  SCV x2  
  46  5:42  Command Center  
  46  5:46  Marine x3  
  46  5:47  Marine  
  46  5:48  Marine  
  46  5:49  Command Center  
  51  5:54  Terran Ship Weapons Level 1  
  51  6:03  Factory Reactor  
  51  6:05  Starport  
  51  6:06  SCV x2  
  51  6:10  Marine  
  54  6:16  Marine x2  
  56  6:18  Supply Depot  
  56  6:35  Marine x3  
  56  6:36  Marine  
  56  6:37  Marauder  
  62  6:41  Supply Depot  
  62  6:48  Supply Depot, Terran Infantry Weapons Level 2  
  62  6:51  Terran Infantry Armor Level 2  
  62  7:04  Orbital Command  
  62  7:06  Supply Depot  
  62  7:11  SCV  
  63  7:18  SCV  
  63  7:20  Orbital Command  
  64  7:23  SCV  
  65  7:31  SCV  
  65  7:35  SCV, Viking x2  
  71  7:40  Armory  
  71  7:44  SCV  
  71  7:51  SCV x3  
  75  8:02  Starport  
  75  8:07  Terran Vehicle And Ship Armor Level 1  
  75  8:09  Viking  
  75  8:10  Viking  
  75  8:12  Marine x5  
  82  8:16  Viking x2  
  82  8:18  SCV x2  
  82  8:19  SCV x2  
  92  8:28  Supply Depot  
  92  8:30  SCV x2  
  92  8:31  SCV x2  
  96  8:42  SCV, Starport Reactor  
  96  8:43  SCV x3  
  96  8:46  Supply Depot  
  100  8:49  Viking x2  
  100  8:50  Viking x2  
  100  8:52  Terran Ship Weapons Level 2  
  108  9:00  Refinery  
  108  9:05  Refinery  
  108  9:08  Supply Depot  
  108  9:17  Command Center  
  108  9:32  Supply Depot  
  108  9:46  SCV x4  
  108  9:50  Viking x5  
  108  9:51  Viking  
  122  9:57  Supply Depot  
  122  10:05  SCV x4  
  126  10:07  Terran Vehicle And Ship Armor Level 2  
  126  10:12  Supply Depot  
  126  10:21  Refinery  
  126  10:23  Refinery, Viking x5  
  126  10:24  Viking  
  138  10:32  Starport  
  138  10:34  Supply Depot  
  138  10:45  SCV  
  138  10:46  SCV x3  
  138  10:47  Orbital Command  
  142  10:57  Supply Depot  
  137  11:49  Viking x3  
  137  11:50  Viking x3  
  137  11:51  Starport Reactor  
  136  12:19  Viking x3  
Show
View Real Time Build Order
Export as new Build Order

appp Terran 

Build Orders:  

Get SALT Encoding   

  12  0:01  SCV  
  13  0:13  SCV  
  14  0:18  Supply Depot  
  14  0:25  SCV  
  15  0:39  SCV  
  15  0:42  Barracks  
  16  0:55  Refinery  
  16  1:00  SCV  
  17  1:13  SCV  
  18  1:25  SCV  
  19  1:39  Orbital Command  
  19  1:52  Command Center  
  19  1:55  Barracks Reactor  
  19  2:00  Supply Depot  
  19  2:07  SCV  
  20  2:22  Factory  
  19  2:38  Marine x2  
  21  2:55  Marine  
  21  2:56  Marine  
  23  3:04  SCV  
  24  3:08  Factory Tech Lab  
  24  3:13  Marine x2  
  26  3:20  Supply Depot  
  26  3:21  Refinery  
  26  3:26  Siege Tank  
  29  3:31  Marine x2  
  31  3:34  Orbital Command  
  31  3:51  Marine x2, Engineering Bay  
  31  3:52  Starport  
  33  3:57  SCV  
  34  4:09  SCV  
  35  4:21  SCV, Siege Tank  
  39  4:27  Missile Turret  
  39  4:31  SCV  
  39  4:33  SCV  
  39  4:36  Missile Turret  
  41  4:43  SCV, Medivac  
  41  4:45  Supply Depot, SCV  
  43  4:55  SCV  
  43  4:57  SCV  
  45  5:08  SCV  
  45  5:09  SCV  
  45  5:10  Marine x2  
  49  5:20  SCV  
  50  5:21  SCV  
  51  5:32  SCV  
  51  5:33  SCV  
  53  5:39  Stimpack  
  53  5:40  Factory Tech Lab  
  53  5:44  SCV  
  53  5:45  SCV  
  53  5:48  Refinery  
  53  5:49  Refinery  
  55  6:32  SCV x2  
  57  6:43  Hi-Sec Auto Tracking, Engineering Bay  
  57  6:44  SCV x2  
  59  6:56  SCV x2  
  61  7:09  Marine  
  62  7:17  Barracks x2  
  62  7:19  Barracks  
  62  7:20  Barracks  
  62  7:23  Barracks x2  
  62  7:25  Barracks x2  
  62  7:26  Barracks  
  62  7:27  Missile Turret  
  62  7:31  Missile Turret x2  
  62  7:34  Missile Turret  
  61  7:37  Missile Turret  
  61  7:38  Missile Turret  
  61  7:39  Missile Turret x2  
  58  7:51  Missile Turret  
  58  7:53  Missile Turret  
  58  7:54  Missile Turret  
  58  7:55  Missile Turret  
  58  7:57  Missile Turret  
  58  8:02  Missile Turret  
  58  8:05  Missile Turret  
  58  8:06  Missile Turret  
  58  8:11  Marine  
  58  8:12  Missile Turret, Barracks Reactor x5  
  59  8:14  Missile Turret  
  59  8:15  Missile Turret  
  59  8:24  SCV x2  
  61  8:32  Missile Turret  
  61  8:36  SCV  
  61  8:39  Barracks Reactor  
  62  8:51  Neosteel Armor  
  62  8:58  Armory  
  62  9:00  Barracks Reactor x3  
  62  9:02  Combat Shield  
  62  9:34  Supply Depot  
  62  9:36  Supply Depot  
  62  9:38  Supply Depot  
  62  9:55  Marine x8  
  62  9:57  Marine x2  
  62  9:58  SCV, Marine x5  
  62  9:59  Marine x2, Medivac x2  
  84  10:00  Supply Depot  
  84  10:01  Terran Infantry Weapons Level 1  
  84  10:02  Supply Depot  
  84  10:04  Supply Depot, Terran Vehicle And Ship Armor Level 1  
  84  10:12  Marine x2  
  86  10:21  Marine x8  
  86  10:23  Marine x6  
  86  10:24  Marine  
  86  10:26  Marine  
  86  10:28  Supply Depot, Marine  
  102  10:29  Medivac  
  102  10:32  Terran Infantry Armor Level 1  
  105  10:47  Marine  
  105  10:48  Marine x4  
  105  10:49  Marine x4  
  110  10:56  Supply Depot  
  114  11:01  Supply Depot  
  114  11:07  Supply Depot  
  48  11:55  Missile Turret x2  
  48  11:56  Missile Turret x2  
  48  11:57  Missile Turret  
  48  11:58  Missile Turret  
  48  11:59  Missile Turret  
  48  12:01  Missile Turret  
  48  12:02  Missile Turret  
  48  12:07  Marine  
  48  12:08  Marine x17  
  32  12:09  Marine  
  38  12:25  Marine  
  38  12:26  Marine x10  
Show
View Real Time Build Order
Export as new Build Order

voldi Protoss 

Build Orders:  

Get SALT Encoding   

  12  0:02  Probe  
  13  0:15  Pylon  
  13  0:18  Probe  
  14  0:26  Probe  
  14  0:29  Assimilator  
  15  0:46  Gateway  
  15  0:54  Probe  
  16  1:02  Probe  
  16  1:10  Probe  
  18  1:21  Probe  
  19  1:33  Probe  
  20  1:47  Assimilator  
  20  1:49  Pylon  
  20  2:00  Probe  
  21  2:03  Cybernetics Core  
  21  2:09  Probe  
  22  2:17  Probe  
  23  2:27  Probe  
  24  2:34  Nexus  
  24  2:37  Assimilator  
  24  2:40  Assimilator, Stalker  
  25  3:01  Stalker, Probe  
  28  3:13  Pylon, Probe  
  29  3:24  Stalker  
  29  3:25  Probe  
  30  3:28  Stargate  
  30  3:30  Stargate  
  32  3:37  Probe  
  33  3:43  Probe  
  34  3:49  Probe  
  34  3:51  Stalker, Probe  
  38  4:01  Probe x2  
  36  4:13  Probe x2  
  38  4:25  Probe x2  
  43  4:34  Probe  
  43  4:35  Void Ray, Phoenix  
  43  4:37  Probe  
  47  4:40  Stalker  
  47  4:42  Probe  
  49  4:50  Probe  
  51  5:08  Stalker  
  51  5:10  Pylon x2  
  51  5:12  Probe  
  54  5:24  Probe  
  54  5:28  Probe  
  60  5:33  Probe  
  60  5:34  Void Ray  
  64  5:37  Void Ray  
  64  5:38  Stalker  
  64  5:40  Probe  
  68  5:45  Probe  
  59  6:05  Stalker, Phoenix  
  59  6:17  Void Ray  
  59  6:18  Probe  
  54  6:21  Probe  
  56  6:26  Probe  
  56  6:29  Phoenix  
  56  6:32  Stalker  
  59  6:33  Probe  
  59  6:35  Probe  
  63  6:45  Probe  
  64  6:57  Phoenix  
  64  6:58  Probe  
  64  6:59  Stalker  
  67  7:03  Probe  
  70  7:17  Pylon  
  70  7:19  Pylon  
  70  7:35  Probe x2  
  72  7:47  Probe x2  
  78  7:51  Stalker  
  78  7:52  Phoenix  
  78  7:55  Void Ray  
  82  8:05  Probe  
  82  8:06  Probe  
  84  8:17  Phoenix  
  86  8:31  Pylon  
  86  8:32  Pylon  
  86  8:33  Pylon  
  77  8:49  Probe  
  77  8:50  Zealot, Probe, Phoenix  
  77  8:53  Phoenix  
  85  9:01  Probe  
  85  9:02  Probe  
  87  9:13  Probe  
  87  9:14  Stalker, Probe  
  89  9:18  Pylon  
  89  9:19  Pylon  
  89  9:20  Pylon  
  89  9:22  Pylon  
  91  9:33  Phoenix  
  91  9:36  Phoenix  
  95  9:54  Nexus  
  95  9:55  Stalker  
  95  9:56  Assimilator  
  97  10:02  Assimilator  
  97  10:03  Phoenix  
  99  10:09  Phoenix  
  99  10:12  Probe x2  
  101  10:20  Probe  
  103  10:22  Stalker  
  110  10:38  Void Ray  
  110  10:45  Stargate  
  110  10:46  Stargate  
  110  10:52  Phoenix  
  110  10:54  Stalker  
  114  11:01  Probe x2  
  114  11:02  Probe  
  116  11:09  Probe x2  
  116  11:11  Probe  
  117  11:17  Probe x2  
  96  11:32  Zealot  
  96  11:34  Phoenix  
  96  11:35  Phoenix  
  96  11:37  Void Ray  
  88  11:40  Phoenix  
  36  11:59  Phoenix  
  35  12:05  Void Ray  
  38  12:10  Void Ray  
Tags
 
Add a new tag
Caveats
  • Supply blocks, unpowered buildings, or Contaminate may cause inaccurate times.
  • Supply counts are checked every 10 seconds.